 Dungeon Crawl Stone Soup version 0.29.1-1-gd02db6906a (webtiles) character file.

Game seed: 5680737837279632069

136 pacmanke6689 the Trooper (level 4, -3/40 HPs)
             Began as a Draconian Fighter on Sept 16, 2022.
             Slain by an ogre
             ... wielding a +0 giant club
              (27 damage)
             ... on level 4 of the Dungeon.
             The game lasted 00:08:27 (3517 turns).

pacmanke6689 the Trooper (Draconian Fighter)        Turns: 3517, Time: 00:08:28

Health: -3/40      AC:  8    Str: 26    XL:     4   Next: 98%
Magic:  4/4        EV: 12    Int:  9    God:
Gold:   68         SH:  4    Dex: 10    Spells: 3/3 levels left

rFire   . . .      SeeInvis .   a - +1 long sword
rCold   . . .      Faith    .   b - +0 buckler
rNeg    . . .      Spirit   .   (body armour unavailable)
rPois   .          Reflect  .   (helmet restricted)
rElec   .          Harm     .   s - +0 cloak
rCorr   .          Rampage  .   (no gloves)
Will    .....                   i - +1 pair of boots
Stlth   +.........              (no amulet)
HPRegen 0.13/turn               l - +6 ring of strength
MPRegen 0.09/turn               (no ring)

@: hasted, very quick
A: AC +5, unfitting armour, cold-blooded
a: no special abilities


You were on level 4 of the Dungeon.
You visited 1 branch of the dungeon, and saw 4 of its levels.

You collected 68 gold pieces.

Inventory:

Hand Weapons
 a - a +1 long sword (weapon)
Armour
 b - a +0 buckler (worn)
 i - a +1 pair of boots (worn)
 s - a +0 cloak (worn)
Jewellery
 h - a ring of protection from cold
 l - a +6 ring of strength (left hand)
Wands
 j - a wand of flame (14)
 m - a wand of polymorph (6)
 r - a wand of mindburst (23)
Scrolls
 e - 2 scrolls of teleportation
 g - a scroll of fear {unknown}
 o - a scroll of noise {unknown}
 p - a scroll of immolation {unknown}
Potions
 c - 5 potions of might
 d - a potion of haste
 f - 2 potions of flight {unknown}
 k - a potion of attraction {unknown}
 n - a potion of degeneration {unknown}
 q - a potion of brilliance {unknown}


   Skills:
 + Level 3.9 Fighting
 + Level 3.6 Long Blades
 + Level 3.1 Dodging
 + Level 0.9 Stealth
 + Level 3.8 Shields


You had 3 spell levels left.
You didn't know any spells.
Your spell library was empty.

Dungeon Overview and Level Annotations

Branches:
Dungeon (4/15)
 Temple: D:4-7

Altars:
Nemelex Xobeh

Shops:
D:2 (


Innate Abilities, Weirdness & Mutations

Your plain brown scales are hard. (AC +5)
You cannot fit into any form of body armour.
You are cold-blooded and may be slowed by cold attacks.


Message History

The adder bites you but does no damage. x2
You miss the adder. The adder barely misses you.
You completely miss the adder. The adder bites you but does no damage.
You block the adder's attack.
You hit the adder.
The adder is heavily wounded.
The adder closely misses you. x2
You slash the adder!
You kill the adder!
You see here an adder corpse.
A goblin comes into view. It is wielding a +0 dagger.
The goblin shouts!
You block the goblin's attack.
You slash the goblin!
You kill the goblin!
Things that are here:
a +0 dagger; a +1 sling of freezing; a goblin corpse
Found a falchion.
Found a stone staircase leading down.
An adder and an ogre come into view.
The ogre shouts!
Found 12 gold pieces.
You feel yourself speed up.
You hit the ogre.
You tail-slap the ogre, but do no damage.
The ogre is lightly wounded.
The ogre hits you with a +0 giant club!
You hit the ogre.
The ogre is lightly wounded.
You hit the ogre.
The ogre is moderately wounded.
The ogre closely misses you.
You slash the ogre!
The ogre is severely wounded.
The adder hisses angrily.
You hit the ogre.
The ogre is severely wounded.
The ogre hits you with a +0 giant club!!
Ouch! That really hurt!
You die...

#.# #.## #...... #..###
.....$. #....#### .......
.####...### .......
....###...## .......
#......###...#### ...!...
#........###....##.....S.
............###.@O.....#
...).........####...####
..............###.>##
...............##.##
...............#..#
##..............)##
####............##
#######.........#
................#


You could see an ogre and an adder.

Vanquished Creatures
  Crazy Yiuf (D:3)
  Jessica (D:3)
  3 adders
  A worm (D:2)
  3 orcs (D:3)
  2 ball pythons (D:1)
  6 bats
  2 endoplasms (D:3)
  9 goblins
  4 hobgoblins
  A quokka (D:1)
  A frilled lizard (D:2)
  11 kobolds
  8 rats
  A bush (D:3)
54 creatures vanquished.

Vanquished Creatures (others)
  2 plants (D:3)
2 creatures vanquished.

Grand Total: 56 creatures vanquished

Notes
Turn   | Place    | Note
-------+----------+-------------------------------------------
     0 | D:1      | pacmanke6689 the Draconian Fighter began the quest for the
                  | Orb.
     0 | D:1      | Reached XP level 1. HP: 19/19 MP: 1/1
   538 | D:1      | Reached XP level 2. HP: 21/26 MP: 2/2
   793 | D:1      | Found a faded altar of an unknown god.
  1558 | D:2      | Found a sparkling altar of Nemelex Xobeh.
  1611 | D:2      | Reached XP level 3. HP: 16/31 MP: 3/3
  1933 | D:2      | Found Qoinogg's Antique Weapon Emporium.
  2038 | D:3      | You fall into a shaft and drop 1 floor!
  2314 | D:3      | Found a runed translucent door.
  2315 | D:3      | Noticed Crazy Yiuf
  2339 | D:3      | Noticed Jessica
  2345 | D:3      | Killed Jessica
  2346 | D:3      | Reached XP level 4. HP: 40/40 MP: 4/4
  3315 | D:3      | Killed Crazy Yiuf
  3505 | D:4      | Noticed an ogre
  3517 | D:4      | Slain by an ogre

Illustrated notes

Levels and vault maps discovered:
D:1:      minmay_arrival_wavy_path, layout_basic,
          hellmonk_ecumenical_altar_crossroads
D:2:      layout_rooms, serial_shops, nicolae_shop_hallway_stairs, basic_altar
D:3:      corexii_shack_village, layout_basic, lexackson_kobold_supper,
          uniq_crazy_yiuf_cottage, uniq_jessica
D:4:      layout_cave_pods, mainiacjoe_overflow_catwalk

Skill      XL: |  1  2  3 |
---------------+----------+-----
Long Blades    | 3 |  3.6
Dodging        | 3 |  3.1
Fighting       | |  3.9
Stealth        | |  0.9
Shields        | |  3.8

Action                   |  1- 3 |  4- 6 || total
-------------------------+-------+-------++-------
Melee: Long sword        |   159 |    55 ||   214
       Tailslap          |    29 |     6 ||    35
  Use: Scroll            |     6 |       ||     6
       Potion            |       |     1 ||     1
 Stab: Sleeping          |     2 |       ||     2
Armor: Skin              |    33 |    15 ||    48
Dodge: Dodged            |    65 |    28 ||    93
Block: Buckler           |    25 |    15 ||    40
